 Dungeon Crawl Stone Soup version 0.27.1-15-g792fb953b9 (webtiles) character file.

Game seed: 2207957232996924980

751 bearlyready the Sneak (level 8, -1/46 HPs)
             Began as a Kobold Fighter on Nov 18, 2021.
             Was an Initiate of Gozag.
             Slain by an ogre (27 damage)
             ... on level 4 of the Dungeon.
             The game lasted 00:06:23 (5562 turns).

bearlyready the Sneak (Kobold Fighter)              Turns: 5562, Time: 00:06:23

Health: -1/46      AC:  6    Str: 13    XL:     8   Next: 6%
Magic:  8/8        EV: 10    Int: 10    God:    Gozag
Gold:   73         SH: 10    Dex: 16    Spells: 7/7 levels left

rFire    . . .     SeeInvis .   b - +2 dagger (venom)
rCold    . . .     Faith    .   c - +0 buckler
rNeg     . . .     Spirit   .   v - +0 scale mail
rPois    .         Reflect  +   (no helmet)
rElec    .         Harm     .   (no cloak)
rCorr    .         Rampage  .   (no gloves)
Will     .....                  (no boots)
Stlth    +++.......             r - amulet of reflection
HPRegen  0.15/turn              (no ring)
MPRegen  0.11/turn              (no ring)

@: no status effects
A: small, no large weapons, nightstalker 3
a: Renounce Religion, Potion Petition, Call Merchant, Bribe Branch


You were on level 4 of the Dungeon.
You worshipped Gozag.
Gozag was noncommittal.
You visited 2 branches of the dungeon, and saw 6 of its levels.

You collected 93 gold pieces.
You paid 20 gold pieces to Gozag.

Inventory:

Hand Weapons
 a - a +0 rapier of electrocution
 b - a +2 dagger of venom (weapon)
 p - a +0 rapier
Missiles
 h - 12 poisoned darts (quivered)
 k - 7 boomerangs
Armour
 c - a +0 buckler (worn)
 v - a +0 scale mail (worn)
Jewellery
 o - an amulet of faith
 r - an amulet of reflection (around neck)
Scrolls
 e - a scroll of identify {unknown}
 f - a scroll of vulnerability {unknown}
 i - a scroll of blinking {unknown}
 m - a scroll of magic mapping {unknown}
 n - a scroll of amnesia {unknown}
 q - a scroll of silence {unknown}
 u - a scroll of fear {unknown}
Potions
 d - a potion of might
 g - 2 potions of haste {unknown}
 j - a potion of heal wounds {unknown}
 l - a potion of curing {unknown}
 s - 2 potions of flight {unknown}
 t - a potion of attraction {unknown}


   Skills:
 - Level 3.2 Fighting
 + Level 6.9 Short Blades
 + Level 4.7 Throwing
 - Level 2.4 Armour
 + Level 6.9 Stealth
 - Level 2.4 Shields


You had 7 spell levels left.
You didn't know any spells.
Your spell library contained the following spells:

 Spells                   Type           Power      Damage    Failure   Level
 Beastly Appendage        Tmut           0%         N/A       93%         1
 Summon Small Mammal      Summ           0%         N/A       93%         1
 Corpse Rot               Necr/Air       N/A        N/A       98%         2
 Poisonous Vapours        Pois/Air       0%         N/A       98%         2
 Wereblood                Tmut           0%         N/A       98%         2
 Spider Form              Tmut/Pois      0%         N/A       100%        3
 Summon Guardian Golem    Hex/Summ       0%         N/A       100%        3
 Animate Armour           Summ/Erth      0%         N/A       100%        4
 Freezing Cloud           Conj/Ice/Air   0%         6-21      100%        5
 Shadow Creatures         Summ           N/A        N/A       100%        6
 Malign Gateway           Summ/Tloc      0%         N/A       100%        7
 Orb of Destruction       Conj           0%         N/A       100%        7
 Spellforged Servitor     Conj/Summ      0%         N/A       100%        7


Dungeon Overview and Level Annotations

Branches:
Dungeon (5/15)             Temple (1/1) D:4

Altars:
Ashenzari
Cheibriados
Dithmenos
Elyvilon
Fedhas
Gozag
Hepliaklqana
Kikubaaqudgha
Makhleb
Nemelex Xobeh
Okawaru
Ru
Sif Muna
Vehumet
Wu Jian
Xom
Yredelemnul
Zin
The Shining One


Innate Abilities, Weirdness & Mutations

You are small and have problems with some larger weapons.
You are completely attuned to the shadows.


Message History

Throw: 15 darts (poison)
Press: ? - help, Q - select action, (/) - cycle Shift-Dir - straight line, f - ogre
Aim: an ogre, wielding a +0 giant club (lightly wounded, 77% to hit)
You throw a poisoned dart.
The poisoned dart barely misses the ogre.
Search for what [Enter for "rapi", or ? for help]? trap Can't find anything matching that.
Search for what [Enter for "trap", or ? for help]? shaf Unknown command.
Search for what [Enter for "shaf", or ? for help]?
There is an open door here.
There is an open door here.
There is an open door here.
You block the ogre's attack.
Throw: 14 darts (poison)
Press: ? - help, Q - select action, (/) - cycle Shift-Dir - straight line, f/p - ogre
Aim: an ogre, wielding a +0 giant club (76% to hit)
You throw a poisoned dart. The poisoned dart hits the ogre.
The ogre is poisoned.
You hit the ogre.
The ogre is lightly wounded.
The ogre hits you with a +0 giant club!
You barely miss the ogre.
The ogre is lightly wounded.
The ogre barely misses you.
Throw: 13 darts (poison)
Press: ? - help, Q - select action, (/) - cycle Shift-Dir - straight line, f/p - ogre
Aim: an ogre, wielding a +0 giant club (lightly wounded, poisoned, 76% to hit)
You throw a poisoned dart. The poisoned dart hits the ogre.
The ogre is lightly wounded.
The ogre looks more healthy.
The ogre closely misses you.
Your +0 rapier of electrocution stops crackling.
Your +2 dagger of venom begins to drip with poison!
b - a +2 dagger of venom (weapon)
You hit the ogre.
The ogre is poisoned.
The ogre is moderately wounded.
The ogre hits you with a +0 giant club!!
Ouch! That really hurt!
You die...
Your body crumbles into a pile of gold.

#..........#..............#
#..........#......#######.###
##^.........#......# #.##.
#..........######### ####.##.
#.########## ##### #....##.
#.#........# ###...####....#..
#..........###...........#.#.#
###...#######..##...#..##..#.#
#.....# #@######..##...#'#
#.....# #.O####..###......
#.....# #.....((.###......
#.....#####..#...>..#.......
###.........).#.............
#...........##.##.........
#..........#.#####........
##.........##.###.........
#######..................


You could see an ogre (very poisoned).

Vanquished Creatures
  Menkaure (D:4)
  2 orc warriors
  A necrophage (D:4)
  A howler monkey (D:4)
  A bullfrog zombie (D:3)
  A hound (D:4)
  3 orc priests (D:4)
  3 orc wizards (D:4)
  A hound skeleton (D:4)
  4 adders
  5 dart slugs
  3 orcs
  3 bats (D:1)
  3 endoplasms
  2 giant cockroaches
  4 goblins
  6 hobgoblins
  2 kobolds
  A quokka (D:3)
  6 ball pythons
  4 frilled lizards
  3 rats
60 creatures vanquished.

Notes
Turn   | Place    | Note
-------+----------+-------------------------------------------
     0 | D:1      | bearlyready the Kobold Fighter began the quest for the Orb.
     0 | D:1      | Reached XP level 1. HP: 14/14 MP: 1/1
    60 | D:1      | Found a faded altar of an unknown god.
    83 | D:1      | Reached skill level 1 in Stealth
   120 | D:1      | Reached XP level 2. HP: 18/19 MP: 2/2
  1073 | D:2      | Reached XP level 3. HP: 23/23 MP: 3/3
  1287 | D:2      | Found a radiant altar of Vehumet.
  2053 | D:3      | Reached skill level 1 in Throwing
  2497 | D:3      | Found a burning altar of Makhleb.
  2503 | D:3      | Found a white marble altar of Elyvilon.
  2508 | D:3      | Found a glowing golden altar of the Shining One.
  2603 | D:3      | Reached XP level 4. HP: 22/28 MP: 4/4
  3103 | D:3      | Reached XP level 5. HP: 32/32 MP: 5/5
  3564 | D:4      | Reached skill level 5 in Short Blades
  3564 | D:4      | Reached XP level 6. HP: 18/37 MP: 6/6
  3591 | D:4      | Noticed an orc warrior
  3826 | D:4      | Reached skill level 5 in Stealth
  3840 | D:4      | Noticed a necrophage
  3850 | D:4      | Killed a necrophage
  3862 | D:4      | Reached XP level 7. HP: 34/41 MP: 7/7
  3947 | D:4      | Got the Disquisition on Ashen Slavery
  4171 | D:4      | Found a staircase to the Ecumenical Temple.
  4186 | Temple   | Entered the Ecumenical Temple
  4532 | Temple   | Became a worshipper of Gozag Ym Sagoz the Greedy
  4743 | D:4      | Noticed Menkaure
  4761 | D:4      | Killed Menkaure
  5440 | D:5      | Entered Level 5 of the Dungeon
  5455 | D:5      | Reached XP level 8. HP: 46/46 MP: 8/8
  5562 | D:4      | Slain by an ogre

Illustrated notes

Levels and vault maps discovered:
D:1:      dpeg_arrival_simpleton_a, layout_basic, ebering_ecumenical_altar_hall
D:2:      layout_loops_corners, basic_altar
D:3:      layout_loops_ring, minmay_overflow_temple_star_quad
D:4:      layout_basic, minmay_temple_entry_wispy, chequers_decorated_corner,
          uniq_menkaure
D:5:      layout_rooms, minivault_11
Temple:   eino_temple_rhombus

Skill      XL: |  1  2  3  4  5  6  7 |
---------------+----------------------+-----
Short Blades   | 3 4 5 6 |  6.9
Stealth        | 1 2 3 4 5 6 |  6.9
Throwing       | 1 2 3 4 |  4.7
Fighting       | |  3.2
Armour         | |  2.4
Shields        | |  2.4

Action                   |  1- 3 |  4- 6 |  7- 9 || total
-------------------------+-------+-------+-------++-------
Melee: Rapier            |   104 |    74 |    41 ||   219
       Dagger            |       |       |     1 ||     1
Throw: Dart              |       |     3 |     8 ||    11
  Use: Potion            |       |       |     1 ||     1
 Stab: Distracted        |     2 |       |       ||     2
       Sleeping          |     2 |     3 |     3 ||     8
Armor: Scale mail        |    28 |    17 |     6 ||    51
Dodge: Dodged            |    53 |    22 |    10 ||    85
Block: Buckler           |    20 |    17 |    12 ||    49
